 Dungeon Crawl Stone Soup version 0.19-a0-414-g76fec5b (webtiles) character file.

2838 epen the Conjurer (level 9, -9/51 HPs)
             Began as a Deep Elf Air Elementalist on May 31, 2016.
             Was an Initiate of Vehumet.
             Mangled by wvc's ghost (26 damage)
             ... on level 8 of the Dungeon.
             The game lasted 00:19:59 (10850 turns).

epen the Conjurer (Deep Elf Air Elementalist)      Turns: 10850, Time: 00:20:00

Health: -9/51      AC:  3    Str:  5    XL:     9   Next: 46%
Magic:  7/21       EV: 11    Int: 24    God:    Vehumet [......]
Gold:   335        SH:  0    Dex: 15    Spells: 4 memorised, 10 levels left

rFire  . . .     SeeInvis .     u - +3 dagger (speed)
rCold  . . .     Gourm    .     a - +0 robe
rNeg   . . .     Faith    .     (no shield)
rPois  .         Spirit   .     (no helmet)
rElec  .         Dismiss  .     (no cloak)
rCorr  .         Reflect  .     E - +0 pair of gloves
SustAt .         Harm     .     (no boots)
MR     .....                    x - amulet of magic regeneration
Stlth  ++........               (no ring)
                                (no ring)

@: repel missiles, not resistant to hostile enchantments, unstealthy
A: no striking features
a: Renounce Religion


You were on level 8 of the Dungeon.
You worshipped Vehumet.
Vehumet was noncommittal.
You were very hungry.

You visited 2 branches of the dungeon, and saw 9 of its levels.

You collected 390 gold pieces.
You spent 55 gold pieces at shops.

Inventory:

Hand Weapons
 g - a +0 short sword
 s - a +2 spear of freezing
 u - a +3 dagger of speed (weapon)
 D - a +2 dagger of holy wrath
Armour
 a - a +0 robe (worn)
 E - a +0 pair of gloves (worn)
Rods
 A - a +1 iron rod (10/10)
   (You found it on level 6 of the Dungeon)
Jewellery
 x - an amulet of magic regeneration (around neck)
Wands
 v - a wand of digging (1/24)
 C - a wand of confusion (7/48)
Scrolls
 e - 6 scrolls of identify
 h - a scroll of recharging
 j - 8 scrolls of remove curse
 o - 2 scrolls of enchant weapon
 p - a scroll of torment {unknown}
 q - a scroll of magic mapping
 t - a scroll of vulnerability {unknown}
 y - 3 scrolls of teleportation
Potions
 d - a potion of lignification {unknown}
 f - 2 potions of berserk rage
 i - 3 potions of haste
 l - 2 potions of might
 m - 3 potions of curing
 n - 2 potions of agility
 r - a potion of brilliance
 B - a potion of cancellation {unknown}
Books
 b - a book of Air

   Spells                             Type                      Level
   a - Shock                          Conjuration/Air              1
   b - Swiftness                      Charms/Air                   2
   c - Repel Missiles                 Charms/Air                   2
   d - Static Discharge               Conjuration/Air              3
   e - Lightning Bolt                 Conjuration/Air              5
 w - a book of Burglary

   Spells                             Type                      Level
   a - Swiftness                      Charms/Air                   2
   b - Passwall                       Transmutation/Earth          2
   c - Passage of Golubria            Translocation                4
   d - Lee's Rapid Deconstruction     Earth                        5
   e - Darkness                       Hexes                        6
   f - Invisibility                   Hexes                        6
Comestibles
 c - 4 bread rations
 k - a fruit
 z - 2 meat rations
 F - 10 slices of pizza
 H - 2 beef jerkies


   Skills:
 + Level 3.6 Fighting
 + Level 6.2 Dodging
 - Level 2.4 Stealth
 + Level 6.8 Spellcasting
 * Level 7.6 Conjurations
 + Level 5.3 Charms
 * Level 7.1 Air Magic


You had 10 spell levels left.
You knew the following spells:

 Your Spells              Type           Power        Failure   Level  Hunger
a - Shock                 Conj/Air       ####         1%          1    None
b - Repel Missiles        Chrm/Air       #####.       1%          2    None
c - Static Discharge      Conj/Air       #####...     1%          3    None
d - Lightning Bolt        Conj/Air       #####.....   12%         5    #####..


Dungeon Overview and Level Annotations

Branches:
Dungeon (8/15)             Temple (1/1) D:7
   Lair: D:8-11

Altars:
Cheibriados
Dithmenos
Elyvilon
Gozag
Hepliaklqana
Kikubaaqudgha
Makhleb
Nemelex Xobeh
Okawaru
Pakellas
Qazlal
Sif Muna
Trog
Uskayaw
Vehumet
Xom
Yredelemnul
Zin
The Shining One

Shops:
D:6 ?

Annotations:
D:5 Ajdolov's ghost, novice HOGl
D:8 Gastronok; wvc's ghost, novice OgWn


Message History

Wvc's ghost is moderately damaged.
You are feeling very hungry.
You hear a shout! x3
Casting: Lightning Bolt
Confirm with . or Enter, or press ? or * to list all spells.
Wvc's ghost is struck by lightning.
Wvc's ghost is moderately damaged.
The lightning arcs!
You are struck by lightning.
The lightning arcs!
Wvc's ghost is struck by lightning.
Wvc's ghost is heavily damaged.
The lightning grounds out.
Wvc's ghost hits you!
Casting: Static Discharge
Confirm with . or Enter, or press ? or * to list all spells.
Wvc's ghost is struck by lightning.
Wvc's ghost is heavily damaged.
The lightning grounds out.
Wvc's ghost hits you!
Unknown command.
Wvc's ghost hits you!!
Ouch! That really hurt!
You die...

###.# .....
#.... #.#.#
#.#.# #.#.#
#.#W# #..@#
###.# #.#
#.#
#........
.......##
..........
########.##
..


You could see wvc's ghost.

Vanquished Creatures
  Prince Ribbit (D:5)
  Grinder (D:3)
  A human (D:7)
  2 hungry ghosts
  2 ice beasts
  A black bear (D:7)
  An orc warrior (D:7)
  2 phantoms
  2 ogres
  A gnoll sergeant (D:6)
  A giant frog (D:6)
  A water moccasin skeleton (D:7)
  A scorpion (D:7)
  A howler monkey (D:6)
  3 crimson imps
  2 hounds
  2 giant frog zombies
  2 orc priests
  8 orc wizards
  A giant frog skeleton (D:5)
  Jessica (D:3)
  2 iguanas
  Ijyb (D:2)
  A hell rat (D:7)
  A worker ant (D:6)
  4 sheep (D:7)
  7 gnolls
  8 adders
  3 river rats (D:7)
  An ooze (D:3)
  4 worms
  A dart slug (D:1)
  7 giant geckos
  18 orcs
  2 ball pythons (D:3)
  6 giant cockroaches
  9 goblins
  7 hobgoblins
  6 jackals
  7 kobolds
  4 quokkas
  10 bats
  10 giant newts
  2 goblin zombies (D:4)
  A quokka zombie (D:6)
  29 rats
188 creatures vanquished.

Notes
Turn   | Place    | Note
--------------------------------------------------------------
     0 | D:1      | epen the Deep Elf Air Elementalist began the quest for the Orb.
     0 | D:1      | Reached XP level 1. HP: 10/10 MP: 6/6
   395 | D:1      | Reached XP level 2. HP: 15/15 MP: 1/8
   555 | D:1      | Learned a level 2 spell: Repel Missiles
  1326 | D:1      | Reached XP level 3. HP: 19/19 MP: 9/9
  1331 | D:1      | Learned a level 3 spell: Static Discharge
  1758 | D:2      | Noticed Ijyb
  1771 | D:2      | Killed Ijyb
  1869 | D:2      | Found a stormy altar of Qazlal.
  2157 | D:2      | Found an ancient bone altar of Kikubaaqudgha.
  2347 | D:2      | Reached XP level 4. HP: 24/24 MP: 7/11
  2594 | D:2      | Reached skill level 1 in Fighting
  2769 | D:2      | Found a hazy altar of Hepliaklqana.
  2773 | D:2      | Found a bloodstained altar of Trog.
  2775 | D:2      | Found a hide-covered altar of Uskayaw.
  2781 | D:2      | Found an opulent altar of Gozag.
  2832 | D:2      | Found a basalt altar of Yredelemnul.
  2833 | D:2      | Found a sparkling altar of Nemelex Xobeh.
  2934 | D:2      | Reached XP level 5. HP: 16/29 MP: 1/12
  3529 | D:2      | Found a shimmering altar of Xom.
  3529 | D:2      | Found a burning altar of Makhleb.
  3621 | D:3      | Noticed Jessica
  3622 | D:3      | Killed Jessica
  3980 | D:3      | Noticed Grinder
  3990 | D:3      | Paralysed by Grinder for 4 turns
  4002 | D:3      | Killed Grinder
  4002 | D:3      | Reached XP level 6. HP: 34/34 MP: 3/14
  5125 | D:4      | Reached XP level 7. HP: 29/39 MP: 5/15
  5242 | D:4      | Reached skill level 5 in Air Magic
  5518 | D:4      | Reached skill level 5 in Conjurations
  5615 | D:4      | Learned a level 5 spell: Lightning Bolt
  5658 | D:4      | Noticed a hungry ghost
  5718 | D:4      | Killed a hungry ghost
  5718 | D:4      | Reached skill level 5 in Spellcasting
  5718 | D:4      | Reached skill level 1 in Charms
  6041 | D:5      | Entered Level 5 of the Dungeon
  6123 | D:5      | Noticed Prince Ribbit
  6153 | D:5      | Killed Prince Ribbit
  6153 | D:5      | Reached skill level 5 in Dodging
  6153 | D:5      | Reached XP level 8. HP: 10/45 MP: 7/18
  6500 | D:5      | Noticed Ajdolov's ghost (novice HOGl)
  7680 | D:6      | Found an oddly glowing altar of Pakellas.
  8376 | D:6      | Found a glowing golden altar of the Shining One.
  8376 | D:6      | Found a white marble altar of Elyvilon.
  8494 | D:6      | Found a glowing silver altar of Zin.
  8762 | D:6      | Found Beag's Magic Scroll Boutique.
  8780 | D:6      | Bought a scroll of teleportation for 33 gold pieces
  8780 | D:6      | Bought a scroll of identify for 22 gold pieces
  8871 | D:7      | Reached XP level 9. HP: 49/51 MP: 8/20
  9947 | D:7      | Found a staircase to the Ecumenical Temple.
  9962 | D:7      | Reached skill level 5 in Charms
  9968 | Temple   | Entered the Ecumenical Temple
 10149 | Temple   | Became a worshipper of Vehumet
 10282 | D:7      | HP: 2/51 [sheep (7)]
 10704 | D:8      | Noticed Gastronok
 10843 | D:8      | Noticed wvc's ghost (novice OgWn)
 10850 | D:8      | Mangled by wvc's ghost

Vault maps used:
D:1:      saegor_arrival_simple_b
D:2:      lemuel_coloured_pillars_altar, grunt_temple_overflow_open,
          gammafunk_temple_overflow_wave, nicolae_qazlal_general_emergency,
          uniq_iyjb
D:3:      uniq_grinder, uniq_jessica
D:4:      enter_ossuary_4, minivault_1
D:5:      first_bread, uniq_prince_ribbit1
D:6:      good_gods_temple_1, serial_shops, shop, johnstein_pakellas_dig
D:7:      lemuel_ratsnest, temple_statues, grunt_livestock
D:8:      old_standard_altar, fedhas_altar_decomposition,
          nicolae_overflow_crystal_walls, uniq_pikel, uniq_erolcha, uniq_grum,
          uniq_gastronok, uniq_psyche
Temple:   hc_temple_tempest_star

Skill      XL: |  1  2  3  4  5  6  7  8  9 |
---------------+----------------------------+-----
Conjurations   | 2 3 4 5 6 7 |  7.6
Dodging        | 3 4 5 6 |  6.2
Fighting       | 1 2 3 |  3.6
Air Magic      | 4 5 6 7 |  7.1
Spellcasting   | 4 5 6 |  6.8
Charms         | 2 4 5 |  5.3
Stealth        | |  2.4

Action                   |  1- 3 |  4- 6 |  7- 9 || total
-------------------------+-------+-------+-------++-------
Melee: Unarmed           |     3 |       |       ||     3
       Short sword       |    34 |    18 |       ||    52
       Spear             |       |    31 |       ||    31
       Dagger            |       |    16 |   213 ||   229
 Cast: Shock             |    73 |    84 |    83 ||   240
       Static Discharge  |     1 |    20 |    56 ||    77
       Repel Missiles    |       |       |     1 ||     1
       Lightning Bolt    |       |       |     5 ||     5
Evoke: Rod               |       |       |     3 ||     3
  Use: Potion            |       |     4 |     1 ||     5
       Scroll            |       |       |    13 ||    13
 Stab: Sleeping          |     1 |     1 |     7 ||     9
       Distracted        |       |       |     2 ||     2
  Eat: Chunk             |     4 |     9 |    14 ||    27
       Meat ration       |       |       |     2 ||     2
       Fruit             |       |       |     1 ||     1
Armor: Robe              |     9 |    14 |    15 ||    38
Dodge: Dodged            |    42 |    62 |   153 ||   257
       Deflected         |       |       |     4 ||     4
